 Dungeon Crawl Stone Soup version 0.21-a0-361-g4efd3f9 (webtiles) character file.

87 zero the Ruffian (level 4, -2/44 HPs)
             Began as a Troll Monk on Oct 13, 2017.
             Slain by p0werm0de's ghost (9 damage)
             ... on level 3 of the Dungeon.
             The game lasted 00:01:18 (1431 turns).

zero the Ruffian (Troll Monk)                       Turns: 1431, Time: 00:01:19

Health: -2/44      AC:  5    Str: 20    XL:     4   Next: 28%
Magic:  1/3        EV: 10    Int:  6    God:
Gold:   123        SH:  0    Dex: 12    Spells: 3/3 levels left

rFire    . . .     SeeInvis .     - Unarmed
rCold    . . .     Gourm    +   (no shield)
rNeg     . . .     Faith    .   a - +0 robe
rPois    .         Spirit   .   (helmet restricted)
rElec    .         Reflect  .   (no cloak)
rCorr    .         Harm     .   (gloves unavailable)
MR       .....                  (boots unavailable)
Stlth    ++........             (no amulet)
HPRegen  0.54/turn              (no ring)
MPRegen  0.08/turn              (no ring)

@: lethally poisoned (-2 -> -6)
A: unfitting armour, claws 3, fast metabolism 3, gourmand, regeneration 1,
shaggy fur 1, tough skin 2
a: no special abilities


You were on level 3 of the Dungeon.
You were not hungry.

You visited 1 branch of the dungeon, and saw 3 of its levels.

You collected 123 gold pieces.

Inventory:

Armour
 a - a +0 robe (worn)
Scrolls
 c - 3 scrolls of remove curse {unknown}
 g - 3 scrolls of identify {unknown}
 h - a scroll of enchant armour {unknown}
 i - a scroll of magic mapping {unknown}
 k - a scroll of noise {unknown}
 m - a scroll of enchant weapon {unknown}
 q - a scroll of teleportation {unknown}
Potions
 d - a potion of might {unknown}
 e - a potion of mutation {unknown}
 f - a potion of haste {unknown}
 j - 2 potions of magic {unknown}
 o - 2 potions of lignification {unknown}
 p - a potion of agility {unknown}
 r - a potion of degeneration {unknown}
Comestibles
 b - 2 bread rations
 l - a royal jelly
 n - a fruit


   Skills:
 - Level 2.4 Fighting
 - Level 2.4 Dodging
 - Level 1.0 Stealth
 + Level 5.1 Unarmed Combat


You had 3 spell levels left.
You didn't know any spells.

Dungeon Overview and Level Annotations

Branches:
Dungeon (3/15)

Altars:
Ashenzari
Elyvilon

Annotations:
D:3 p0werm0de's ghost, amateur FoCK


Innate Abilities, Weirdness & Mutations

You are too large for most types of armour.
You have claws for hands.
Your metabolism is lightning-fast.
You like to eat raw meat.
Your natural rate of healing is unusually fast.
You are covered in fur. (AC +1)
You have very tough skin. (AC +2)


Message History

You are too injured to fight recklessly!
You are too injured to fight recklessly!
You closely miss p0werm0de's ghost.
P0werm0de's ghost is moderately damaged.
You feel sick. P0werm0de's ghost hits you. P0werm0de's ghost burns you.
You scratch p0werm0de's ghost.
P0werm0de's ghost is heavily damaged.
You feel sick.
You barely miss p0werm0de's ghost.
P0werm0de's ghost is heavily damaged.
You feel sick. P0werm0de's ghost barely misses you.
You closely miss p0werm0de's ghost.
P0werm0de's ghost is heavily damaged.
You feel sick. P0werm0de's ghost hits you.
* * * LOW HITPOINT WARNING * * *
You feel your power leaking away.
You barely miss p0werm0de's ghost. You claw p0werm0de's ghost.
P0werm0de's ghost is heavily damaged.
You feel sick. P0werm0de's ghost hits you!
You die...

.....# ### #.#..# #.#
#....# # ##### #.#
#....# .# ....#######.#
#!...#...
..†......(..####......##
###.#######.##....>.....
#.# #.##.#@W....# #.#
#........##.# #.#
####.....# ..#.#
#...#..... #.#.#
#...#.##.. #.#.# #...#..
.. #.#.# #...# ## .
#.#.# #$..# #.#.# #....


You could see p0werm0de's ghost.

Vanquished Creatures
  4 adders (D:2)
  2 worms (D:2)
  3 dart slugs
  A leopard gecko (D:2)
  A giant cockroach (D:2)
  3 goblins
  5 hobgoblins
  3 jackals (D:1)
  3 kobolds (D:1)
  A quokka (D:3)
  3 bats
  4 frilled lizards
  7 rats
40 creatures vanquished.

Notes
Turn   | Place    | Note
-------+----------+-------------------------------------------
     0 | D:1      | zero the Troll Monk began the quest for the Orb.
     0 | D:1      | Reached XP level 1. HP: 22/22 MP: 0/0
   102 | D:1      | Reached XP level 2. HP: 27/29 MP: 1/1
   495 | D:1      | Reached skill level 4 in Unarmed Combat
   638 | D:2      | Reached XP level 3. HP: 30/36 MP: 2/2
   685 | D:2      | Found a shattered altar of Ashenzari.
   901 | D:2      | Reached XP level 4. HP: 44/44 MP: 3/3
  1084 | D:2      | Reached skill level 5 in Unarmed Combat
  1272 | D:2      | Found a white marble altar of Elyvilon.
  1420 | D:3      | Noticed p0werm0de's ghost (amateur FoCK)
  1431 | D:3      | Slain by p0werm0de's ghost

Vault maps used:
D:1:      sevenhm_arrival_forest_fort_small_6, minivault_23
D:2:      lemuel_doored_altar, nicolae_ashenzari_panopticon
D:3:      first_bread, corexii_corridor_pit

Skill      XL: |  1  2  3  4 |
---------------+-------------+-----
Unarmed Combat | 4 5 |  5.1
Fighting       | |  2.4
Dodging        | |  2.4
Stealth        | |  1.0

Action                   |  1- 3 |  4- 6 || total
-------------------------+-------+-------++-------
Melee: Unarmed           |    83 |    33 ||   116
       Punch             |     1 |     2 ||     3
 Stab: Sleeping          |     2 |       ||     2
  Eat: Chunk             |     9 |     5 ||    14
Armor: Robe              |    35 |     6 ||    41
Dodge: Dodged            |    43 |     9 ||    52

Table legend:
 A = Spawn XP
 B = Non-spawn XP
 C = Spawn XP percentage of total XP
 D = Spawn monster count
 E = Non-spawn monster count
 F = Spawn count percentage of total count
 G = Total turns spent on level
                    A         B        C        D         E        F      G
               +---------+---------+-------+---------+---------+-------+---------
         Total |       0 |     125 |   0.0 |       0 |      40 |   0.0 |  1431
               +---------+---------+-------+---------+---------+-------+---------
           D:1 |       0 |      34 |   0.0 |       0 |      19 |   0.0 |   608
           D:2 |       0 |      89 |   0.0 |       0 |      20 |   0.0 |   740
           D:3 |       0 |       2 |   0.0 |       0 |       1 |   0.0 |    83
               +---------+---------+-------+---------+---------+-------+---------
